[Event "Team 45 45 League T25"]
[Site "Free Internet Chess Server"]
[Date "2004.12.11"]
[Round "1"]
[White "Bahamut"]
[Black "Doubleletter"]
[Result "1/2-1/2"]
[WhiteElo "1894"]
[BlackElo "1731"]
[TimeControl "2700+45"]

1. d4 d5 2. c4 e6 3. Nf3 c6 4. Nc3 Nf6 5. e3 Bb4 6. Be2 O-O 7. O-O Re8 8. Ne5 Nbd7 9. f4 c5 10. Kh1 a6 11. cxd5 exd5 12. Bf3 cxd4 13. exd4 Bxc3 14. bxc3 Ne4 15. c4 f6 16. cxd5 fxe5 17. Bxe4 Nf6 18. Bc2 Bg4 19. Qd2 e4 20. h3 e3 21. Qd3 Bh5 22. g4 Bg6 23. f5 Qxd5+ 24. Kg1 Bf7 25. Bxe3 Ne4 26. Bf4 Rac8 27. Be5 Nc5 28. Qd1 Ne4 29. Bb3 Qd7 30. Rc1 Rc3 31. Rxc3 Nxc3 32. Bxf7+ Qxf7 33. Qb3 Rc8 34. Qxf7+ Kxf7 35. Rf2 Nd5 36. g5 Rc6 37. f6 gxf6 38. gxf6 b5 39. Rg2 Nxf6 40. Rf2 Kg6 41. Bxf6 Rxf6 42. Rxf6+ Kxf6 43. Kf2 Ke6 44. Ke3 Kd5 45. Kd3 b4 46. Ke3 a5 47. h4 h6 48. h5 a4 49. Kd3 a3 50. Kc2 Kxd4 51. Kb3 Kc5 52. Kc2 Kc4 53. Kb1   {Game drawn by mutual agreement} 1/2-1/2

[Event "Team 45 45 League T25"]
[Site "Free Internet Chess Server"]
[Date "2004.12.12"]
[Round "1"]
[White "sidiAhmed"]
[Black "geolas"]
[Result "0-1"]
[WhiteElo "1677"]
[BlackElo "1805"]
[TimeControl "2700+45"]

1. d4 Nf6 2. c4 c5 3. Nc3 cxd4 4. Qxd4 Nc6 5. Qd1 e6 6. Bg5 a6 7. Nf3 Be7 8. e3 b6 9. a3 Bb7 10. Be2 d6 11. O-O Nb8 12. Qc2 Nbd7 13. Rfd1 Qc7 14. b4 O-O 15. e4 Rac8 16. Rac1 h6 17. Bxf6 Nxf6 18. h3 b5 19. cxb5 Nxe4 20. bxa6 Ba8 21. Rd3 Bf6 22. Qb3 Nxc3 23. Rdxc3 Bxc3 24. Nd4 Qb6 25. Nb5 Be5 26. Nc3 Bg3 27. Rf1 Bxf2+ 28. Rxf2 Qe3 29. Bc4 Qe1+ 30. Rf1 Qg3 31. Rf2 d5 32. Ne2 Qe5 33. Bd3 Rc7 34. b5 Rb8 35. b6 Rd7 36. a7 Rxa7 37. Qc2 Rab7 38. Qc6 Rxb6 39. Qc3 Qxc3 40. Nxc3 Rb3 41. Rc2 d4 42. Bc4 Rxc3   {White resigns} 0-1

[Event "Team 45 45 League T25"]
[Site "Free Internet Chess Server"]
[Date "2004.12.11"]
[Round "1"]
[White "sacKING"]
[Black "Berk"]
[Result "1-0"]
[WhiteElo "1747"]
[BlackElo "1676"]
[TimeControl "2700+45"]

1. c4 Nf6 2. g3 e6 3. Bg2 Nc6 4. Nc3 Bb4 5. Nf3 O-O 6. O-O b6 7. d4 Bb7 8. Bg5 Na5 9. Nd2 Bxg2 10. Kxg2 h6 11. Bf4 Re8 12. e4 c5 13. e5 cxd4 14. Nb5 Bxd2 15. Bxd2 Nxc4 16. exf6 Qxf6 17. Nc7 e5 18. Nxe8 Rxe8 19. Rc1 d5 20. b3 Nd6 21. Qf3 Qe6 22. Rc6 f5 23. Bb4 Rd8 24. Rxd6 Rxd6 25. Bxd6 Qxd6 26. Qxf5 e4 27. Rc1 g6 28. Qc8+ Qf8 29. Qe6+   {Black resigns} 1-0

[Event "Team 45 45 League T25"]
[Site "Free Internet Chess Server"]
[Date "2004.12.10"]
[Round "1"]
[White "twotowers"]
[Black "Woodchuck"]
[Result "1-0"]
[WhiteElo "1599"]
[BlackElo "1595"]
[TimeControl "2700+45"]

1. d4 d6 2. c4 Nf6 3. Nc3 g6 4. e4 Bg7 5. Nf3 O-O 6. Be2 c5 7. h3 cxd4 8. Nxd4 Nbd7 9. O-O Nc5 10. Bf3 a6 11. Be3 Qc7 12. b4 Ncxe4 13. Nxe4 Nxe4 14. Bxe4 Qxc4 15. Qc2 Qxb4 16. Rab1 Qa5 17. Bxb7 Bxb7 18. Rxb7 Qd5 19. Qb2 e5 20. Ne2 e4 21. Qb3 Qf5 22. Rd1 Rfd8 23. Nf4 Bh6 24. Nd5 Qh5 25. Nf6+   {Black resigns} 1-0

[Event "Team 45 45 League T25"]
[Site "Free Internet Chess Server"]
[Date "2004.12.12"]
[Round "1"]
[White "YOIULI"]
[Black "RussoTuristo"]
[Result "1-0"]
[WhiteElo "1906"]
[BlackElo "1857"]
[TimeControl "2700+45"]

1. e4 d6 2. d4 Nf6 3. Nc3 g6 4. Bc4 c6 5. Nf3 Bg7 6. O-O b5 7. Bd3 Bg4 8. h3 Bd7 9. e5 dxe5 10. dxe5 Nd5 11. Nxd5 cxd5 12. Qe2 a6 13. Bg5 Qc7 14. c3 Nc6 15. Rfe1 O-O 16. Bf4 e6 17. Nd4 Rae8 18. Bh2 Qb6 19. Nxc6 Bxc6 20. Qg4 Rd8 21. Qd4 Qb7 22. f4 f6 23. h4 fxe5 24. fxe5 Rf7 25. h5 g5 26. Qg4 Qe7 27. h6 Bxh6 28. Qh5 Bf8 29. Rf1 Rg7 30. Rf6 Be8 31. Qg4 Bf7 32. Raf1 h5 33. Qe2 Qa7+ 34. Kh1 Qe7 35. Rh6 Qe8 36. Qc2 Bc5 37. Bh7+ Kf8 38. b4 Bb6 39. Bg6 Ke7 40. Bxf7 Rxf7 41. Rxf7+ Qxf7 42. Rh7 Rf8 43. Rxf7+ Rxf7 44. Bg3 Rf1+ 45. Kh2 Bg1+ 46. Kh3 Rf5 47. Qd1 g4+ 48. Kh4 Bb6 49. Be1 Kf7 50. Qd3 Bd8+ 51. Kg3 Bg5 52. Bd2 Bd8 53. a4 Bb6 54. axb5 axb5 55. Qxb5 Bf2+ 56. Kh2 Rxe5 57. Qd7+ Kf6 58. Qd8+ Kf7 59. Bh6 g3+ 60. Kh3 Re1 61. Qf8+ Kg6 62. Qg7+ Kf5 63. Qg5+ Ke4 64. Qg6+ Ke5 65. Qxh5+ Kd6 66. Bf8+ Kc6 67. Qe8+ Kb6 68. Qb8+ Kc6 69. b5+ Kd7 70. Qd6+ Kc8 71. b6 Kb7 72. Qc7+ Ka6 73. b7 Ba7 74. Qc6+ Ka5 75. Bb4#   {Black checkmated} 1-0

[Event "Team 45 45 League T25"]
[Site "Free Internet Chess Server"]
[Date "2004.12.10"]
[Round "1"]
[White "Pilia"]
[Black "mandragora"]
[Result "1-0"]
[WhiteElo "1895"]
[BlackElo "1758"]
[TimeControl "2700+45"]

1. e4 e5 2. Nf3 Nc6 3. Bb5 a6 4. Ba4 Nf6 5. O-O Nxe4 6. d4 b5 7. Bb3 d5 8. dxe5 Be6 9. c3 Be7 10. Nbd2 O-O 11. Bc2 f5 12. exf6 Nxf6 13. Ng5 Bg4 14. f3 Bd7 15. Re1 Qc8 16. a4 h6 17. axb5 Bc5+ 18. Kh1 Ne7 19. Nb3 Bd6 20. c4 dxc4 21. Ne4 Nf5 22. Nbc5 Bxb5 23. Nxd6 Nxd6 24. Bf4 Rd8 25. Qd4 Nb7 26. Qf2 Nh5 27. Be5 Re8 28. Bg6 Nf6 29. Bxe8 Nxe8 30. Bc3 Nbd6 31. Qd4 Rb8 32. Re6 Rb6 33. Rae1 Kf8 34. Qg4 Qd8 35. Rxh6 Nf7 36. Rxb6 cxb6 37. Ne6+   {Black resigns} 1-0

[Event "Team 45 45 League T25"]
[Site "Free Internet Chess Server"]
[Date "2004.12.13"]
[Round "1"]
[White "malevolentmick"]
[Black "Plattner"]
[Result "0-1"]
[WhiteElo "1615"]
[BlackElo "1804"]
[TimeControl "2700+45"]

1. e4 e6 2. d4 d5 3. exd5 exd5 4. c4 Nf6 5. Nc3 Be7 6. Bd3 dxc4 7. Bxc4 O-O 8. Nge2 c6 9. O-O Bg4 10. f3 Bf5 11. Ng3 Bg6 12. f4 h6 13. f5 Bh7 14. Bf4 b5 15. Bb3 Nbd7 16. Qd2 Nb6 17. Qf2 Rc8 18. Rae1 Nbd5 19. Be5 Ng4 20. Qf3 Ngf6 21. Nce4 Nxe4 22. Rxe4 Nf6 23. Rh4 c5 24. Nh5 Nxh5 25. Rxh5 Bf6 26. Qg3 Kh8 27. Rf4 cxd4 28. Bd6 Qxd6   {White resigns} 0-1

[Event "Team 45 45 League T25"]
[Site "Free Internet Chess Server"]
[Date "2004.12.11"]
[Round "1"]
[White "fileman"]
[Black "KymF"]
[Result "0-1"]
[WhiteElo "2056"]
[BlackElo "2084"]
[TimeControl "2700+45"]

1. e4 c5 2. Nf3 d6 3. Bb5+ Nd7 4. d4 Nf6 5. Nc3 a6 6. Bxd7+ Nxd7 7. O-O e6 8. Bg5 Qc7 9. Re1 cxd4 10. Qxd4 Ne5 11. Na4 b5 12. Nb6 Rb8 13. Nxc8 Rxc8 14. a4 Nxf3+ 15. gxf3 Qc5 16. Qxc5 Rxc5 17. Be3 Rxc2 18. axb5 axb5 19. Ra8+ Kd7 20. Rea1 Rc8 21. R1a7+ Rc7 22. Rxc7+ Kxc7 23. Ra7+ Kc6 24. Rxf7 d5 25. Bd4 Rg8 26. Kf1 Bd6 27. h3 e5 28. exd5+ Kxd5 29. Be3 h5 30. f4 exf4 31. Bxf4 Ke6 32. Rb7 Bxf4 33. Rxb5 Rc8 34. Rxh5 Rb8 35. Rh4 g5 36. Rg4 Kf5 37. f3 Rb3 38. Kg2 Rxb2+ 39. Kg1 Be3+ 40. Kh1 Rf2 41. Ra4 Rxf3 42. Kg2 Rf2+ 43. Kg3 Rc2 44. Kf3 Bf4 45. Ra5+ Be5 46. h4 Rc3+ 47. Kg2 gxh4 48. Ra4 h3+   {White resigns} 0-1

[Event "Team 45 45 League T25"]
[Site "Free Internet Chess Server"]
[Date "2004.12.10"]
[Round "1"]
[White "nham"]
[Black "lodda"]
[Result "1-0"]
[WhiteElo "2001"]
[BlackElo "1958"]
[TimeControl "2700+45"]

1. e4 d6 2. Nc3 g6 3. f4 Bg7 4. Nf3 c5 5. Bc4 Nh6 6. O-O Nc6 7. d3 O-O 8. Qe1 e6 9. f5 exf5 10. Bg5 Qb6 11. Rb1 Be6 12. Qh4 Bxc4 13. Bxh6 Ba6 14. Ng5 c4+ 15. Kh1 Qd4 16. Nxh7 cxd3 17. Nd5 f6 18. Nxf8 Rxf8 19. Bxg7 Kxg7 20. cxd3 fxe4 21. Nf4 Qe5 22. Qg4 g5 23. Ne6+ Kg8 24. Nxf8 Bxd3 25. Nd7 Qb5 26. Nxf6+ Kg7 27. Qd7+   {Black resigns} 1-0

[Event "Team 45 45 League T25"]
[Site "Free Internet Chess Server"]
[Date "2004.12.11"]
[Round "1"]
[White "Huevon"]
[Black "wester"]
[Result "1/2-1/2"]
[WhiteElo "1931"]
[BlackElo "1915"]
[TimeControl "2700+45"]

1. f4 d5 2. Nf3 Nf6 3. e3 g6 4. b3 Bg7 5. Bb2 O-O 6. Be2 c5 7. O-O Nc6 8. Bb5 Qc7 9. a3 a6 10. Bxc6 Qxc6 11. Qe1 b5 12. d3 Bb7 13. Nbd2 Rad8 14. c4 dxc4 15. dxc4 Ne4 16. Bxg7 Kxg7 17. Ne5 Qc7 18. Nxe4 Bxe4 19. Rd1 Rxd1 20. Qxd1 Rd8 21. Qa1 f6 22. Ng4 Qd6 23. Nf2 Bc2 24. cxb5 axb5 25. Qc3 Bf5 26. Rd1 Qc7 27. Rxd8 Qxd8 28. Qxc5 Qd7 29. Qb4 Bc2 30. Qc3 Bf5 31. Qb4 Bc2 32. Qc3 Bf5 33. h3 h5 34. e4 Be6 35. Nd3 Bf7 36. e5 Qa7+ 37. Qc5 Qd7 38. Qc3 Qa7+ 39. Qc5 Qd7 40. Qc3   {Game drawn by repetition} 1/2-1/2

[Event "Team 45 45 League T25"]
[Site "Free Internet Chess Server"]
[Date "2004.12.11"]
[Round "1"]
[White "noHz"]
[Black "RussoTuristo"]
[Result "0-1"]
[WhiteElo "1859"]
[BlackElo "1840"]
[TimeControl "2700+45"]

1. e4 c6 2. d4 d5 3. Nc3 dxe4 4. Nxe4 Bf5 5. Ng3 Bg6 6. Nf3 Nf6 7. Bd3 Bxd3 8. Qxd3 e6 9. O-O Nbd7 10. c4 h6 11. Re1 Be7 12. Bd2 Qb6 13. Bc3 Rd8 14. Qe2 O-O 15. Rad1 Bb4 16. Ne5 Bxc3 17. bxc3 Qa6 18. Nxd7 Rxd7 19. Rb1 Rfd8 20. c5 Qa5 21. Qb2 Nd5 22. Rbc1 Qc7 23. Rb1 Nf4 24. Qc2 b6 25. cxb6 axb6 26. Ne2 Nd5 27. Qb3 Rb8 28. c4 Nf6 29. c5 b5 30. a4 Rdd8 31. axb5 Rxb5 32. Qc2 Rdb8 33. Nc3 Rb4 34. Rxb4 Rxb4 35. Rd1 Qf4 36. Ne2 Qb8 37. Nc3 Rb2 38. Qd3 Ng4 39. Qg3 Qb3 40. Qxg4 Qxc3 41. g3 Qc2 42. Rf1 Rb4 43. Qf3 Rxd4 44. Qxc6 Qf5 45. Qe8+ Kh7 46. c6 Rc4 47. Qd7 Kg6 48. Rd1 Qc5 49. Qd3+ f5 50. c7 Qxc7 51. Re1 Qc6 52. h4 e5 53. h5+ Kf6 54. Qd8+ Kf7 55. Qb8 Rc5 56. Rb1 Rc1+ 57. Rxc1 Qxc1+ 58. Kg2 Qc6+ 59. Kg1 Qe6 60. Qd8 Qe7 61. Qd5+ Kf6 62. Kg2 Qc7 63. Qd1 Qc6+ 64. Kh2 Qb6 65. Kg1 Qd4 66. Qe2 Qd6 67. Qf3 e4 68. Qe3 Qd1+ 69. Kg2 Qxh5 70. Qd4+ Kg6 71. Qd6+ Kh7 72. Qe5 Qg6 73. Qf4 Qf6 74. Qc7 Kg6 75. Qf4 Qe7 76. Qe3 Kh7 77. Qf4 Qf7 78. Qe5 g5 79. g4 Kg6 80. gxf5+ Qxf5 81. Qd6+ Qf6 82. Qb8 Qf3+ 83. Kg1 g4 84. Qd6+ Kg5 85. Qe5+ Qf5 86. Qg7+ Kh5 87. Kg2 e3 88. fxe3 Qf3+ 89. Kg1 Qxe3+ 90. Kh1 Kh4 91. Qb2 Qf3+ 92. Kg1 g3 93. Qd4+ Kh3 94. Qd7+ Qg4 95. Qd5 Qg5 96. Qh1+ Kg4 97. Qe4+ Qf4 98. Qe6+ Kf3 99. Qd5+ Kg4 100. Qe6+ Kf3 101. Qd5+ Ke2 102. Qb5+ Kf3 103. Qd5+ Kg4 104. Qe6+ Qf5 105. Qe2+ Kh3 106. Qg2+ Kh4 107. Qh1+ Kg4 108. Qg2 Qb1+   {White resigns} 0-1

[Event "Team 45 45 League T25"]
[Site "Free Internet Chess Server"]
[Date "2004.12.13"]
[Round "1"]
[White "Bengbula"]
[Black "plume"]
[Result "1-0"]
[WhiteElo "2039"]
[BlackElo "2037"]
[TimeControl "2700+45"]

1. d4 e6 2. c4 Nf6 3. Nf3 Bb4+ 4. Bd2 Qe7 5. g3 Nc6 6. Bg2 Bxd2+ 7. Nbxd2 a5 8. O-O d6 9. Nb1 e5 10. Nc3 e4 11. Ng5 e3 12. Nge4 Nxe4 13. Nxe4 O-O 14. Nc3 exf2+ 15. Rxf2 Qe3 16. Nd5 Qxd4 17. Nxc7 Rb8 18. Qxd4 Nxd4 19. Rd1 Nc2 20. Rxd6 Ne3 21. b3 Nxg2 22. Kxg2 Bg4 23. Rd4 Bh5 24. Rf5 Bxe2 25. Kf2 Rbc8 26. Nd5 Rfe8 27. Ne3 a4 28. Kxe2 axb3 29. axb3 Ra8 30. Rfd5 Ra2+ 31. Rd2 Ra3 32. Rd8 Kf8 33. Rxe8+ Kxe8 34. b4 Rb3 35. b5 g6 36. Rd6 Rb2+ 37. Kf3 Rxh2 38. Rb6 h5 39. c5 g5 40. Rxb7 h4 41. c6 Kd8 42. b6 Rh1 43. Rd7+ Kc8 44. b7+ Kb8 45. Rd8+ Ka7 46. b8=Q+ Ka6 47. Qb4 Ka7 48. Qa5#   {Black checkmated} 1-0

[Event "Team 45 45 League T25"]
[Site "Free Internet Chess Server"]
[Date "2004.12.11"]
[Round "1"]
[White "Veit"]
[Black "Nogger"]
[Result "0-1"]
[WhiteElo "1925"]
[BlackElo "2031"]
[TimeControl "2700+45"]

1. e4 e6 2. d4 d5 3. Nd2 Nf6 4. e5 Nfd7 5. c3 c5 6. Bd3 Nc6 7. Ndf3 Qa5 8. Kf1 Qb6 9. Ne2 cxd4 10. cxd4 f6 11. exf6 Nxf6 12. Ne5 Bd6 13. f4 O-O 14. g3 Bxe5 15. dxe5 Nxe5 16. fxe5 Ne4+ 17. Kg2 Qf2+ 18. Kh3 Qf5+ 19. Kg2 Qf3+   {White resigns} 0-1

[Event "Team 45 45 League T25"]
[Site "Free Internet Chess Server"]
[Date "2004.12.12"]
[Round "1"]
[White "ymy"]
[Black "Clodagh"]
[Result "1/2-1/2"]
[WhiteElo "1752"]
[BlackElo "1879"]
[TimeControl "2700+45"]

1. e4 e5 2. Nf3 Nc6 3. Bb5 a6 4. Ba4 Nf6 5. O-O b5 6. Bb3 Bb7 7. c3 Nxe4 8. Re1 d5 9. d3 Nc5 10. Nxe5 Nxe5 11. Rxe5+ Be7 12. Bc2 O-O 13. Nd2 Bd6 14. Rh5 g6 15. Rh3 Re8 16. b4 Ne6 17. d4 Ng5 18. Rh4 Qf6 19. Qf1 Bc8 20. f4 Ne4 21. Nf3   {Game drawn by mutual agreement} 1/2-1/2

[Event "Team 45 45 League T25"]
[Site "Free Internet Chess Server"]
[Date "2004.12.13"]
[Round "1"]
[White "grandesorciere"]
[Black "twinders"]
[Result "1-0"]
[WhiteElo "1881"]
[BlackElo "1613"]
[TimeControl "2700+45"]

1. d4 Nf6 2. c4 e6 3. Nc3 c5 4. d5 exd5 5. cxd5 d6 6. e4 Bg4 7. f3 Bd7 8. f4 h6 9. e5 Bg4 10. Qb3 Nh5 11. Ne4 Bc8 12. Be2 g6 13. Bxh5 gxh5 14. Nf6+ Ke7 15. exd6+ Qxd6 16. Ne4 Qb6 17. Qc3 Qb4 18. Qxb4 cxb4 19. Bd2 a5 20. Rc1 Bg7 21. b3 f5 22. Rc7+ Nd7 23. Ng3 Kd6 24. Rc2 Nf6 25. Nf3 Kxd5 26. Nh4 Ng4 27. Ngxf5 Bxf5 28. Nxf5 Rhe8+ 29. Kf1 Bf8 30. h3 Nf6 31. Kf2 Bc5+ 32. Kf3 Ne4 33. Rd1 Nxd2+ 34. Rdxd2+ Kc6 35. Rd6+ Kb5 36. Rxh6 Rh8 37. Rxh8 Rxh8 38. Rd2 Kc6 39. g4 hxg4+ 40. hxg4 Rh3+ 41. Ke4 Rh1 42. Nd4+ Kd6 43. Nf3+ Ke7 44. g5 b6 45. Re2 Rf1 46. Kf5+ Kf7 47. g6+ Kg7 48. Ng5 Bd6 49. Ne6+ Kg8 50. Rd2 Bxf4 51. Nxf4 Kg7 52. Rd7+ Kh6 53. Rh7#   {Black checkmated} 1-0

[Event "Team 45 45 League T25"]
[Site "Free Internet Chess Server"]
[Date "2004.12.10"]
[Round "1"]
[White "DesparateDan"]
[Black "jokeroutter"]
[Result "1-0"]
[WhiteElo "1627"]
[BlackElo "1651"]
[TimeControl "2700+45"]

1. e4 g6 2. d4 c5 3. Be3 Bg7 4. c3 Qb6 5. Qd2 Nf6 6. dxc5 Qc6 7. f3 O-O 8. Na3 d5 9. cxd6 Rd8 10. Bb5 Qxd6 11. Qxd6 exd6 12. Ne2 a6 13. Ba4 Nc6 14. O-O Be6 15. Nd4 Bd7 16. Nxc6 Bxc6 17. Bd1 d5 18. e5 Nd7 19. f4 Re8 20. Bd4 f6 21. exf6 Nxf6 22. Bf3 Re6 23. Rae1 Rae8 24. Rxe6 Rxe6 25. Nc2 Bh6 26. g3 Ne4 27. Re1 Kf7 28. Kg2 Bf8 29. Re3 Nd6 30. Rxe6 Kxe6 31. Bg4+ Nf5 32. Ne3 Be7 33. Nxf5 gxf5 34. Bd1 Bf6 35. Bxf6 Kxf6 36. Bf3 Ke6 37. Kf2 Kd6 38. Ke2 b5 39. Kd3 Be8 40. Kd4 Bf7 41. Bd1 Be8 42. b4 h5 43. Bc2 Bd7 44. Bd3 Be6 45. Bc2 Bd7 46. Bd1 Be8 47. h3 Bf7 48. a4 Be8 49. axb5 axb5 50. Be2 Bd7 51. Bxh5 Bc8 52. Be8 Ba6 53. h4 Ke7 54. Bc6 Kd6 55. Bxd5   {Black resigns} 1-0

[Event "Team 45 45 League T25"]
[Site "Free Internet Chess Server"]
[Date "2004.12.10"]
[Round "1"]
[White "AlesD"]
[Black "grabapawn"]
[Result "1/2-1/2"]
[WhiteElo "1598"]
[BlackElo "1509"]
[TimeControl "2700+45"]

1. d4 b6 2. e4 Bb7 3. Nc3 e6 4. Bd3 Bb4 5. Bd2 c5 6. d5 exd5 7. Nxd5 Bxd2+ 8. Qxd2 Bxd5 9. exd5 Qe7+ 10. Qe3 Qxe3+ 11. fxe3 d6 12. Nf3 f6 13. O-O a6 14. Nh4 g6 15. a3 Nd7 16. b4 Ne5 17. Be2 b5 18. Nf3 Ng4 19. e4 Ne3 20. Rfc1 c4 21. c3 Nh6 22. h3 O-O 23. Kf2 Rfe8 24. Kxe3 Nf5+ 25. Kf4 Ng7 26. Re1 g5+ 27. Kg3 Rxe4 28. Bf1 Nh5+ 29. Kf2 Rf4 30. g3 Nxg3 31. Kxg3 Kf7 32. Rad1 h5 33. h4 Rg4+ 34. Kh3 Rg8 35. Rd4 gxh4 36. Rxg4 hxg4+ 37. Kxh4 gxf3 38. Re3 f2 39. Rf3 Rh8+ 40. Kg3 Kg6 41. Kxf2 f5 42. Bh3 Rh5 43. Ke3 Kf6 44. Bf1 Rh4 45. Rf4 Rh1 46. Kd4 Rh2 47. Rf3 Rd2+ 48. Ke3 Ra2 49. Bh3 Rxa3 50. Rxf5+ Kg6 51. Kd4 Ra2 52. Rf1 Rd2+ 53. Ke3 Rd3+ 54. Ke2 Rxh3 55. Kd2 Rh2+ 56. Ke3 Rh3+ 57. Kd4 Rd3+ 58. Ke4 Rxc3 59. Ra1 Rb3 60. Rxa6 c3 61. Rxd6+ Kg5 62. Rc6 Rxb4+ 63. Kd3 Rb3 64. d6 Kf6 65. d7+ Ke7 66. Rd6 Kxd6 67. d8=Q+ Kc5 68. Qc7+ Kb4 69. Qd6+ Ka4 70. Qd4+ Ka3 71. Qc5+ Kb2 72. Qf2+ c2+ 73. Kd4 Rb4+ 74. Kc5 Rc4+ 75. Kxb5 Rc3 76. Qd2 Rb3+ 77. Kc4 Ra3   {Game drawn by mutual agreement} 1/2-1/2

[Event "Team 45 45 League T25"]
[Site "Free Internet Chess Server"]
[Date "2004.12.13"]
[Round "1"]
[White "JayH"]
[Black "twinders"]
[Result "1-0"]
[WhiteElo "1409"]
[BlackElo "1607"]
[TimeControl "2700+45"]

1. e4 c5 2. Nf3 d6 3. Nc3 Nc6 4. Bc4 Nf6 5. h3 e6 6. a3 Be7 7. d3 O-O 8. g4 a6 9. g5 Nd7 10. h4 b5 11. Ba2 Bb7 12. h5 Nd4 13. g6 fxg6 14. Nxd4 cxd4 15. Bxe6+ Kh8 16. hxg6 Bh4 17. Rh2 dxc3 18. Qh5 Bxf2+ 19. Rxf2 Nf6 20. Rxf6 h6 21. Bxh6 gxf6   {Black resigns} 1-0

[Event "Team 45 45 League T25"]
[Site "Free Internet Chess Server"]
[Date "2004.12.14"]
[Round "1"]
[White "suequntf"]
[Black "manyhorses"]
[Result "1-0"]
[WhiteElo "1485"]
[BlackElo "1231"]
[TimeControl "2700+45"]

1. e4 d5 2. exd5 Qxd5 3. Qf3 Qxf3 4. Nxf3 Nf6 5. Bc4 e6 6. Ne5 Nbd7 7. Nxd7 Bxd7 8. O-O O-O-O 9. c3 Bc5 10. d4 Bd6 11. Be2 Nd5 12. Bg5 f6 13. Bh4 Nf4 14. Bf3 Bb5 15. Re1 g5 16. Bg3 h5 17. h3 h4 18. Bh2 Nd3 19. Rxe6 Bxh2+ 20. Kxh2 Nxf2 21. Rxf6 Nd3 22. Rf5 Bd7 23. Rxg5 Nxb2 24. Bg4 Bxg4 25. Rxg4 Nd3 26. Na3 Nf2 27. Rf4 Nd3 28. Rf5 Rde8 29. Nb5 Kb8 30. Rf7 Rh5 31. Nxc7 Rd8 32. a4 Rg5 33. Ne6 Rg3 34. Nxd8 Kc8 35. Nxb7 Nb2 36. Rb1 Nc4 37. Rh7 Rxc3 38. Rxh4 Na3 39. Nd6+ Kc7 40. Nb5+ Nxb5 41. Rxb5 a6 42. Rc5+ Rxc5 43. dxc5 Kc6 44. Rh6+ Kxc5 45. Rxa6 Kb4 46. g4 Kc4 47. g5 Kd4 48. g6   {Black resigns} 1-0

[Event "Team 45 45 League T25"]
[Site "Free Internet Chess Server"]
[Date "2004.12.11"]
[Round "1"]
[White "Chessface"]
[Black "MattBinMi"]
[Result "1-0"]
[WhiteElo "1681"]
[BlackElo "1595"]
[TimeControl "2700+45"]

1. c4 g6 2. Nc3 Bg7 3. g3 Nf6 4. Bg2 e6 5. e4 O-O 6. Nge2 c5 7. d3 Nc6 8. O-O d6 9. h3 a6 10. Be3 Re8 11. f4 Bd7 12. Qd2 Qc8 13. a3 Na5 14. Qc2 b5 15. e5 dxe5 16. fxe5 b4 17. Bxa8 bxc3 18. exf6 Bf8 19. Bg2 cxb2 20. Qxb2 e5 21. Qc3 Nc6 22. Qd2 Kh8 23. Kh2 Bf5 24. g4 Be6 25. Ng3 Nd4 26. Bxd4 exd4 27. Ne4 h6 28. Kh1 Kh7 29. Rae1 Rd8 30. Qf2 g5 31. Qd2 Bd7 32. Nxg5+ hxg5 33. Qxg5 Bc6 34. Be4+ Bxe4+ 35. Rxe4 Qc6 36. Kg1 Bh6 37. Qf5+ Kg8 38. g5 Bf8 39. Rh4   {Black resigns} 1-0

[Event "Team 45 45 League T25"]
[Site "Free Internet Chess Server"]
[Date "2004.12.11"]
[Round "1"]
[White "xplan"]
[Black "phorku"]
[Result "0-1"]
[WhiteElo "1535"]
[BlackElo "1472"]
[TimeControl "2700+45"]

1. e4 d5 2. exd5 Nf6 3. Nc3 Nxd5 4. Bc4 Nxc3 5. bxc3 Bf5 6. Qf3 e6 7. Qxb7 Nd7 8. Bb5 e5 9. Nf3 Bd6 10. O-O O-O 11. Bxd7 Bxd7 12. d3 Qf6 13. Bg5 Qg6 14. Qe4 f5 15. Qd5+ Be6 16. Qc6 f4 17. Rfe1 h6 18. Be7 Bxe7 19. Nxe5 Qf5 20. Qxc7 Bf6 21. a4 Rac8 22. Qa5 f3 23. Re3 fxg2 24. Rae1 Bh4 25. Rf3 Qg5 26. Rxf8+ Rxf8 27. Nc4 Bxf2#   {White checkmated} 0-1

[Event "Team 45 45 League T25"]
[Site "Free Internet Chess Server"]
[Date "PST.12.0"]
[Round "1"]
[White "kballoloco"]
[Black "RFFISCHER"]
[Result "0-1"]
[WhiteElo "1520"]
[BlackElo "1538"]
[TimeControl "2700+45"]

1. c4 c6 2. Nf3 d5 3. e3 Nf6 4. Nc3 Bf5 5. Be2 e6 6. O-O Bd6 7. d3 Nbd7 8. b3 Ne5 9. Nh4 Bg6 10. f4 Ned7 11. f5 exf5 12. Nxf5 Bxf5 13. Rxf5 Qc7 14. h3 O-O-O 15. cxd5 Qa5 16. Bd2 Bb4 17. Qc2 Kb8 18. Be1 g6 19. Rf1 Nxd5 20. Bg3+ Ka8 21. Ne4 Nxe3 22. Qb2 Nxf1 23. Rxf1 f5 24. Nd6 Bc3 25. Qc2 Rhf8 26. Nc4 Bd4+ 27. Kh1 Qd5 28. Bf3 Qb5 29. a4 Qa6 30. b4 Nb8 31. b5 cxb5 32. axb5 Qe6 33. Re1 Qf6 34. Rb1 f4 35. Be1 h5 36. b6 a6 37. Na5 Bxb6 38. Rxb6 Qxb6 39. Bxb7+ Ka7 40. Bf2 Rd4 41. Bxd4 Qxd4 42. Be4 Qa1+ 43. Kh2 Qxa5 44. Qb2 Rf7 45. Bxg6 Rb7 46. Qd4+ Qb6 47. Qxf4 Qxg6 48. Qd4+ Qb6 49. Qd5 Qc7+ 50. Kg1 Qc1+ 51. Kh2 Qf4+   {White resigns} 0-1

[Event "Team 45 45 League T25"]
[Site "Free Internet Chess Server"]
[Date "PST.12.0"]
[Round "1"]
[White "TStrobaugh"]
[Black "Lamtarra"]
[Result "0-1"]
[WhiteElo "1391"]
[BlackElo "1451"]
[TimeControl "2700+45"]

1. e4 d6 2. Bc4 Nf6 3. Nc3 Nc6 4. Nf3 g6 5. O-O Bg7 6. d3 O-O 7. Bg5 Bg4 8. h3 Bd7 9. a3 Qc8 10. Qd2 e5 11. Bxf6 Bxf6 12. Qh6 Be6 13. Nd5 Bxd5 14. Bxd5 Nd4 15. Ng5 Bxg5 16. Qxg5 c6 17. Bc4 Nxc2 18. Rac1 Nd4 19. Rfe1 Qd8 20. Re3 Qxg5 21. Rg3 Qxc1+ 22. Kh2 Qxb2 23. Rg4 Qxf2   {White resigns} 0-1

[Event "Team 45 45 League T25"]
[Site "Free Internet Chess Server"]
[Date "2004.12.10"]
[Round "1"]
[White "fismoluni"]
[Black "mrmahoon"]
[Result "1-0"]
[WhiteElo "1662"]
[BlackElo "1614"]
[TimeControl "2700+45"]

1. e4 e5 2. Nf3 Nc6 3. Bc4 d6 4. d4 Nf6 5. dxe5 Nxe4 6. Bxf7+ Kxf7 7. Qd5+ Be6 8. Qxe4 d5 9. Qf4+ Ke8 10. Ng5 Qe7 11. O-O h6 12. Nxe6 Qxe6 13. Nc3 Nxe5 14. Nb5 Bd6 15. Nxd6+ Qxd6 16. Re1 c6 17. Qxe5+ Qxe5 18. Rxe5+ Kd7 19. Bd2 g6 20. Rae1 Rae8 21. f4 h5 22. Bc3 Rhg8 23. g3 Rxe5 24. fxe5 Ke6 25. Bb4 b6 26. Bd6 a6 27. Rf1 a5 28. Rf6+ Kd7 29. Rf7+ Ke6 30. Rc7 c5 31. Rb7 c4 32. Rxb6 Ra8 33. Kg2 d4 34. Kf3 d3 35. cxd3 cxd3 36. Ke3   {Black resigns} 1-0

[Event "Team 45 45 League T25"]
[Site "Free Internet Chess Server"]
[Date "2004.12.11"]
[Round "1"]
[White "thelovegambit"]
[Black "tjraczko"]
[Result "1-0"]
[WhiteElo "1533"]
[BlackElo "1593"]
[TimeControl "2700+45"]

1. e4 e5 2. f4 exf4 3. Nf3 d6 4. d4 Bg4 5. Bxf4 Nf6 6. Nc3 Be7 7. Qd3 Nc6 8. d5 Bxf3 9. gxf3 Ne5 10. Bxe5 dxe5 11. Qb5+ Nd7 12. Bh3 a6 13. Bxd7+ Qxd7 14. Qxb7 O-O 15. Qb3 Rfb8 16. Qa4 Qh3 17. O-O-O Bg5+ 18. Kb1 Qxf3 19. Rdf1 Qxc3 20. b3 Rb4 21. Qd7 Rxe4 22. Qxf7+   {Black resigns} 1-0

[Event "Team 45 45 League T25"]
[Site "Free Internet Chess Server"]
[Date "PST.12.0"]
[Round "1"]
[White "couv"]
[Black "SamuraiGoroh"]
[Result "0-1"]
[WhiteElo "1488"]
[BlackElo "1407"]
[TimeControl "2700+45"]

1. d4 e6 2. c4 c5 3. Nf3 cxd4 4. Nxd4 Nc6 5. Nc3 Bb4 6. Nxc6 bxc6 7. Bd2 d5 8. cxd5 cxd5 9. Qa4+ Bd7 10. Qxb4 Rb8 11. Qd4 f6 12. b3 Ne7 13. Qg4 Ng6 14. e4 O-O 15. exd5 exd5 16. Qg3 Re8+ 17. Be2 Qe7 18. Be3 Qb4 19. Bd2 Qd4 20. Qd3 Qxd3 21. O-O Qxd2 22. Rac1 Rxe2 23. Nxe2 Qxe2 24. Rfe1 Qxa2 25. Rc7 Ne5 26. f4 Qa5 27. Rcc1 Nd3 28. Ra1 Qxe1+ 29. Rxe1 Nxe1 30. Kf2 Nd3+ 31. Ke3 Rxb3   {White resigns} 0-1

[Event "Team 45 45 League T25"]
[Site "Free Internet Chess Server"]
[Date "2004.12.11"]
[Round "1"]
[White "clarinetref"]
[Black "KlassAct"]
[Result "0-1"]
[WhiteElo "1500"]
[BlackElo "1366"]
[TimeControl "2700+45"]

1. Nf3 Nc6 2. c4 g6 3. Nc3 Bg7 4. b3 Nf6 5. Bb2 O-O 6. g3 Re8 7. Bg2 e5 8. d3 d5 9. cxd5 Nxd5 10. O-O e4 11. dxe4 Nxc3 12. Qc2 Nxe4 13. Bxg7 Kxg7 14. Rfd1 Nd6 15. e3 Bf5 16. Qb2+ Qf6 17. Nd4 Nxd4 18. exd4 Rad8 19. Qd2 Ne4 20. Bxe4 Bxe4 21. Rac1 Qf3 22. Kf1 Qg2+ 23. Ke2 Bf5+   {White resigns} 0-1